General information
			
			
        
        - name: grudge
 
        - type: Custom game
 
        - host: fineX
 
        - saver: evil_pengoon
 
        
map: TidewaterGlades 
        - players: 5
 
        - length: 23:00
 
        - speed: Fast
 - version: 1.22 W3XP
 - replay type:  Public
 
» download(91 KB)
Players
        team 1 (winner) 
              
              
» 
evil_pengoon (
pink | 83 APM | 1922 actions | 23:08)
              
 6 Dreadlord 
 3 Sleep
 2 Vampiric Aura
 1 Inferno
 3 Pandaren Brewmaster 
 2 Breath of Fire
 1 Drunken Haze
 
                » actions 
                
                | Assign group hotkey | 25 |  | 
| Basic commands | 150 |  | 
| Build / train | 78 |  | 
| Enter build submenu | 16 |  | 
| Enter hero's abilities submenu | 10 |  | 
| Give item / drop item | 4 |  | 
| Remove unit from queue | 1 |  | 
| Right click | 811 |  | 
| Select / deselect | 506 |  | 
| Select group hotkey | 243 |  | 
| Use ability | 78 |  | 
                1922 total
 » units 
                
                | Acolyte | 12 |  | 
| Ghoul | 24 |  | 
| Gargoyle | 3 |  | 
| Crypt Fiend | 7 |  | 
                46 total
 » upgrades
                
                | Unholy Strength | 3 |  | 
| Web | 1 |  | 
| Unholy Armor | 1 |  | 
| Ghoul Frenzy | 1 |  | 
                6 total
 » buildings
                
                | Ziggurat | 8 |  | 
| Crypt | 2 |  | 
| Altar of Darkness | 1 |  | 
| Tomb of Relics | 1 |  | 
| Graveyard | 1 |  | 
| Nerubian Tower | 2 |  | 
| Spirit Tower | 2 |  | 
| Halls of the Dead | 1 |  | 
| Necropolis | 1 |  | 
| Black Citadel | 1 |  | 
| Sacrificial Pit | 1 |  | 
                21 total
 » build order
                00:08 Ziggurat
00:10 Crypt
00:34 Altar of Darkness
01:20 Ziggurat
02:06 Crypt
02:29 Tomb of Relics
03:16 Ziggurat
04:23 Graveyard
05:04 Nerubian Tower
05:45 Ziggurat
07:36 Spirit Tower
07:36 Nerubian Tower
07:58 Ziggurat
08:07 Halls of the Dead
08:22 Necropolis
09:09 Ziggurat
11:19 Ziggurat
11:22 Ziggurat
14:17 Spirit Tower
15:28 Black Citadel
19:49 Sacrificial Pit
» items
                
                | Rod of Necromancy | 1 |  | 
| Dust of Appearance | 1 |  | 
| Scroll of Town Portal | 4 |  | 
| Orb of Corruption | 1 |  | 
| Scroll of Healing | 1 |  | 
                8 total
  
               team 2 (loser) 
              
              
» 
TIMG4STRok (
gray | 171 APM | 3953 actions | 23:06)
              
 5 Death Knight 
 3 Death Coil
 2 Unholy Aura
 5 Lich 
 3 Frost Nova
 2 Frost Armor
 1 Crypt Lord 
 1 Impale
 
                » actions 
                
                | Assign group hotkey | 35 |  | 
| Basic commands | 90 |  | 
| Build / train | 79 |  | 
| ESC pressed | 2 |  | 
| Enter build submenu | 19 |  | 
| Enter hero's abilities submenu | 12 |  | 
| Give item / drop item | 5 |  | 
| Right click | 1894 |  | 
| Select / deselect | 366 |  | 
| Select group hotkey | 1329 |  | 
| Use ability | 122 |  | 
                3953 total
 » units 
                
                | Acolyte | 13 |  | 
| Ghoul | 13 |  | 
| Gargoyle | 11 |  | 
| Obsidian Statue | 3 |  | 
| Abomination | 5 |  | 
                45 total
 » buildings
                
                | Crypt | 2 |  | 
| Altar of Darkness | 1 |  | 
| Ziggurat | 8 |  | 
| Tomb of Relics | 1 |  | 
| Halls of the Dead | 2 |  | 
| Graveyard | 1 |  | 
| Slaughterhouse | 1 |  | 
| Necropolis | 1 |  | 
| Black Citadel | 1 |  | 
                18 total
 » build order
                00:05 Crypt
00:08 Altar of Darkness
00:24 Ziggurat
00:50 Tomb of Relics
01:20 Ziggurat
02:58 Halls of the Dead
02:58 Halls of the Dead
04:25 Graveyard
05:18 Ziggurat
05:20 Crypt
07:12 Ziggurat
08:00 Ziggurat
11:19 Slaughterhouse
12:23 Necropolis
13:42 Black Citadel
20:12 Ziggurat
20:14 Ziggurat
20:16 Ziggurat
» items
                
                | Rod of Necromancy | 1 |  | 
| Scroll of Town Portal | 6 |  | 
| Orb of Corruption | 1 |  | 
| Potion of Healing | 3 |  | 
| Boots of Speed | 1 |  | 
| Potion of Mana | 1 |  | 
                13 total
  
               refereesfineX, 
GOKUMaN69, 
iggy_the_fisk Chat log
          (00:06 / All) TIMG4STRok: gg gl
(00:19 / All) evil_pengoon: gg gl and have fun all goon replays @ highper.ch
(01:55 / All) TIMG4STRok: LAN pirates.......
(22:03 / All) TIMG4STRok: sigh